Map: Data-C

Players

GuMiho - Winner!

  • Race: Terran Terran
  • League: Master
  • Spawn Location: 9:00

Ryung

  • Race: Terran Terran
  • Spawn Location: 3:00

VOD

Have the link to the VOD?

Description

Time

  • Played on: Oct. 20, 2022, 8:16 a.m.
  • Length: 12:04
Show
View Real Time Build Order
Export as new Build Order

GuMiho Terran - Winner!

Build Orders:  

Get SALT Encoding   

  12  0:00  SCV  
  13  0:12  SCV  
  14  0:17  Supply Depot  
  14  0:24  SCV  
  15  0:38  Refinery  
  15  0:41  Barracks  
  15  0:53  Barracks  
  15  0:57  SCV  
  16  1:15  SCV  
  17  1:28  Reaper, Orbital Command  
  17  1:31  Supply Depot  
  18  1:39  Reaper  
  19  1:53  SCV  
  20  2:00  Reaper  
  21  2:05  SCV  
  22  2:15  Reaper  
  23  2:17  SCV  
  23  2:22  Command Center  
  24  2:29  SCV  
  25  2:36  Supply Depot  
  25  2:39  Marine  
  25  2:42  SCV  
  27  2:46  Refinery  
  27  2:53  Factory  
  27  2:54  SCV  
  28  3:06  SCV, Marine  
  29  3:18  SCV  
  30  3:30  SCV  
  30  3:32  Barracks Reactor  
  31  3:38  Factory Tech Lab, Orbital Command  
  31  3:42  SCV  
  31  3:43  Bunker  
  31  3:47  Starport  
  32  3:54  SCV  
  33  3:56  Cyclone  
  33  4:00  Refinery  
  36  4:05  SCV  
  36  4:06  SCV  
  39  4:17  SCV  
  39  4:18  SCV  
  39  4:21  Command Center  
  40  4:29  SCV  
  40  4:30  SCV  
  42  4:32  Refinery  
  42  4:33  Raven  
  42  4:35  Factory Tech Lab  
  44  4:38  Barracks  
  44  4:43  SCV x2  
  47  4:48  Supply Depot  
  46  4:55  SCV x2  
  46  4:56  Siege Tank  
  51  5:01  Supply Depot  
  51  5:07  SCV x2  
  51  5:08  Marine  
  51  5:09  Marine  
  55  5:20  SCV x2  
  57  5:28  Siege Tank  
  57  5:29  Starport Reactor  
  57  5:32  SCV  
  57  5:33  SCV  
  62  5:35  Orbital Command  
  62  5:38  Stimpack  
  62  5:40  Barracks Reactor, Engineering Bay  
  62  5:43  Engineering Bay  
  62  5:45  SCV x2  
  62  5:47  Marine x2  
  62  5:48  Marine  
  67  5:55  Supply Depot  
  67  5:57  SCV x2  
  68  6:01  Siege Tank  
  72  6:05  SCV  
  72  6:07  Terran Infantry Weapons Level 1  
  72  6:08  Terran Infantry Armor Level 1, Orbital Command  
  72  6:09  Marine x2  
  72  6:10  Marine  
  76  6:11  SCV  
  76  6:14  Supply Depot  
  76  6:16  Medivac  
  79  6:20  Medivac  
  81  6:27  Barracks  
  81  6:29  Barracks  
  81  6:30  Marine x2  
  81  6:31  Marine  
  84  6:33  SCV  
  84  6:36  Marine x2  
  87  6:42  Siege Tank  
  87  6:44  SCV x2  
  92  6:48  Marine  
  92  6:50  Supply Depot  
  92  6:51  Supply Depot  
  92  6:53  Marine x2  
  95  6:58  SCV x3  
  95  7:00  Medivac  
  100  7:06  Armory  
  100  7:09  Medivac  
  100  7:14  SCV x3  
  104  7:17  Combat Shield  
  104  7:20  Marine  
  104  7:21  Barracks Reactor x2  
  104  7:22  Marine x2  
  106  7:27  Marine x2  
  106  7:28  Siege Tank  
  106  7:29  SCV x2  
  114  7:30  SCV  
  114  7:35  Supply Depot  
  114  7:36  Supply Depot  
  114  7:41  SCV x2  
  114  7:43  SCV  
  115  7:48  Marine x2  
  117  7:56  Supply Depot, Marine  
  117  7:57  Supply Depot, Marine x4  
  117  7:58  Supply Depot, Marine x2  
  124  8:02  Terran Infantry Armor Level 2, Terran Infantry Weapons Level 2  
  124  8:06  Marine  
  124  8:09  Siege Tank  
  128  8:19  Command Center, Marine x2  
  130  8:20  Marine  
  130  8:21  Marine x3  
  130  8:22  Marine  
  130  8:23  Marine  
  136  8:30  Marine  
  137  8:35  Supply Depot  
  137  8:36  Supply Depot  
  137  8:37  Marine x2  
  137  8:38  Marine  
  137  8:39  Marine x3  
  137  8:40  Marine  
  144  8:42  Medivac x2, Marine  
  144  8:48  Marine  
  149  8:55  Marine x2  
  152  8:56  Marine  
  152  8:57  Marine x3  
  152  8:58  Marine  
  152  9:00  Siege Tank, Marine  
  161  9:06  Marine  
  162  9:12  Marine  
  162  9:13  Marine  
  162  9:14  Marine x2  
  162  9:15  Marine x2  
  162  9:16  Marine  
  162  9:18  Medivac x2, Marine  
  162  9:22  SCV  
  162  9:23  SCV  
  162  9:24  Marine  
  165  9:27  Refinery  
  165  9:28  Refinery  
  165  9:30  Marine x2  
  165  9:31  SCV, Planetary Fortress  
  168  9:32  Marine x4  
  168  9:34  SCV, Marine  
  168  9:35  SCV  
  174  9:43  Marine x2  
  176  9:48  Marine x2  
  176  9:50  Barracks  
  175  9:53  Barracks x2  
  175  9:54  Marine x2  
  175  9:59  Marine x2  
  178  10:00  Marine  
  178  10:01  Marine  
  178  10:05  Marine  
  178  10:06  Sensor Tower, Marine  
  183  10:10  Marine  
  183  10:12  Marine x2  
  186  10:17  Marine x2  
  188  10:29  Command Center  
  188  10:39  Marine x6  
  149  10:52  Marine x2  
  149  10:56  Marine  
  142  10:57  Siege Tank, Marine x6  
  142  10:58  Medivac  
  142  10:59  Medivac  
  142  11:00  Barracks Reactor  
  142  11:01  Barracks Reactor  
  142  11:03  Barracks Reactor  
  154  11:08  SCV x3  
  154  11:10  Marine x2  
  159  11:13  Marine  
  159  11:15  Marine x5  
  165  11:21  Marine  
  166  11:28  Marine x2  
  166  11:31  Marine  
  167  11:33  Marine x5  
  167  11:36  Marine x2  
  167  11:38  Marine x2  
  167  11:39  Marine  
  179  11:40  Marine x2  
  179  11:45  Marine  
  179  11:46  Marine  
Show
View Real Time Build Order
Export as new Build Order

Ryung Terran 

Build Orders:  

Get SALT Encoding   

  12  0:00  SCV  
  13  0:12  SCV  
  14  0:17  Supply Depot  
  14  0:24  SCV  
  15  0:38  SCV  
  15  0:39  Barracks  
  16  0:44  Refinery  
  16  0:51  SCV  
  16  0:53  Refinery  
  17  1:03  SCV  
  18  1:15  SCV  
  19  1:26  Reaper  
  19  1:27  Orbital Command  
  19  1:31  Supply Depot  
  20  1:44  Factory  
  20  1:53  SCV  
  21  1:58  Reaper  
  22  2:05  SCV  
  23  2:17  SCV  
  24  2:24  Command Center  
  24  2:29  SCV  
  24  2:32  Hellion  
  24  2:36  Reaper  
  27  2:41  SCV  
  28  2:44  Supply Depot  
  28  2:53  Hellion, SCV  
  31  3:00  Starport  
  31  3:05  SCV  
  31  3:08  Marine  
  32  3:14  Hellion  
  32  3:17  SCV  
  35  3:27  Barracks Reactor  
  35  3:29  SCV  
  36  3:37  Factory Tech Lab  
  35  3:42  SCV  
  35  3:46  Starport Tech Lab  
  36  3:48  Refinery  
  36  3:54  SCV  
  37  3:56  Cyclone  
  37  3:59  Orbital Command  
  40  4:05  Marine x2  
  40  4:06  SCV  
  43  4:14  Raven  
  45  4:18  SCV  
  46  4:24  Marine x2  
  46  4:25  SCV  
  46  4:29  Supply Depot  
  46  4:30  SCV  
  50  4:34  Siege Tank  
  50  4:38  SCV  
  54  4:49  Command Center  
  54  4:51  SCV  
  55  4:56  SCV  
  55  4:57  Raven  
  58  5:03  SCV  
  61  5:15  Siege Tank  
  61  5:16  Supply Depot  
  61  5:17  SCV x2  
  62  5:24  Supply Depot  
  62  5:25  Refinery  
  62  5:38  SCV x2  
  62  5:40  Supply Depot  
  64  5:44  Barracks  
  64  5:45  Barracks  
  64  5:48  Viking, Stimpack  
  66  5:50  SCV x2  
  66  5:53  Viking  
  70  6:02  SCV x2  
  70  6:03  Orbital Command  
  72  6:09  Siege Tank  
  75  6:14  SCV x2  
  77  6:23  Orbital Command  
  81  6:28  Viking  
  81  6:29  Engineering Bay x2, SCV  
  81  6:30  SCV  
  81  6:35  Viking  
  81  6:39  Barracks Reactor x2  
  83  6:44  Siege Tank  
  83  6:45  SCV  
  88  6:47  SCV  
  88  6:51  SCV  
  89  6:58  SCV  
  89  6:59  SCV  
  91  7:04  Terran Infantry Armor Level 1, Terran Infantry Weapons Level 1  
  91  7:05  Viking x2  
  95  7:14  SCV x3  
  97  7:17  Supply Depot  
  97  7:22  Supply Depot x2  
  97  7:27  SCV x3  
  97  7:29  Combat Shield, Marine  
  101  7:37  Marine x2  
  101  7:38  Sensor Tower, Marine  
  101  7:39  Siege Tank  
  101  7:40  Viking  
  101  7:43  SCV x3  
  102  7:52  Viking, Sensor Tower  
  102  7:54  Refinery x2  
  102  7:55  SCV x2  
  106  7:58  SCV  
  106  7:59  Barracks  
  106  8:00  Barracks  
  107  8:07  SCV x2  
  107  8:10  SCV  
  107  8:11  Marine x3  
  107  8:12  Marine x2  
  115  8:13  Siege Tank  
  115  8:19  SCV x2  
  120  8:22  Armory  
  120  8:25  Supply Depot  
  120  8:26  Missile Turret  
  120  8:28  Medivac x2  
  120  8:30  SCV  
  120  8:32  SCV  
  125  8:36  Supply Depot  
  125  8:44  Command Center  
  125  8:54  Barracks Reactor  
  125  8:55  Barracks Reactor  
  125  8:57  SCV, Siege Tank, Marine x2  
  125  8:58  Marine x2  
  125  9:00  Missile Turret  
  133  9:06  Supply Depot  
  133  9:07  Medivac x2  
  136  9:15  Marine x2  
  134  9:18  SCV  
  134  9:19  SCV x2  
  134  9:21  Terran Infantry Weapons Level 2  
  134  9:26  Marine x3  
  140  9:31  Siege Tank  
  140  9:33  Marine  
  140  9:35  SCV x3  
  140  9:36  Terran Infantry Armor Level 2, Marine x2  
  146  9:39  Terran Vehicle Weapons Level 1  
  146  9:55  Supply Depot  
  146  9:58  Factory  
  146  9:59  Marine x2  
  146  10:00  Marine  
  146  10:01  Marine x2  
  146  10:06  Barracks Reactor, Viking x2, Siege Tank  
  157  10:12  SCV  
  158  10:15  SCV x2  
  158  10:19  Marine x2  
  162  10:21  Sensor Tower  
  162  10:24  SCV  
  162  10:27  SCV  
  164  10:29  Supply Depot x2, SCV  
  165  10:38  Missile Turret  
  165  10:39  Starport x2  
  162  10:48  Marine x4  
  124  10:53  Siege Tank x2, Marine x4  
  113  10:58  Marine x2  
  113  11:02  Command Center  
  114  11:06  Marine x2  
  114  11:07  Marine x2  
  114  11:11  Liberator, Marine x2  
  118  11:15  Liberator  
  126  11:21  Marine x4  
  126  11:23  Sensor Tower  
  126  11:24  Marine  
  131  11:30  Marine x2  
  131  11:31  Marine  
  131  11:32  Marine  
Tags
 
Add a new tag
Caveats
  • Supply blocks, unpowered buildings, or Contaminate may cause inaccurate times.
  • Supply counts are checked every 10 seconds.